 Dungeon Crawl Stone Soup version 0.29.1-12-g30fa7ad0bf (webtiles) character file.

Game seed: 6175434042047466882

59430 retardedninja the Warrior (level 14, -1/134 (136) HPs)
             Began as a Minotaur Fighter on Jan 12, 2023.
             Was an Initiate of Gozag.
             Slain by an orc knight
             ... wielding a +1 bardiche
              (21 damage)
             ... on level 1 of the Orcish Mines.
             The game lasted 00:32:43 (24659 turns).

retardedninja the Warrior (Minotaur Fighter)       Turns: 24659, Time: 00:32:48

HP:   -1/134 (136)  AC: 35    Str: 32      XL:     14   Next: 53%
MP:   13/13         EV:  8    Int:  4 (5)  God:    Gozag
Gold: 5608          SH:  8    Dex: 12      Spells: 13/13 levels left

rFire   . . .      SeeInvis .   a - +2 war axe (protect)
rCold   . . .      Faith    .   c - +0 buckler
rNeg    + . .      Spirit   .   q - +2 plate armour
rPois   .          Reflect  .   (helmet restricted)
rElec   .          Harm     .   b - +2 cloak
rCorr   +          Rampage  .   H - +0 pair of gloves
Will    +....                   C - +2 pair of boots {Stlth+}
Stlth   ..........              r - amulet of Salvation {rN+ Regen+ Dex+2}
HPRegen 1.12/turn               y - +6 ring of strength
MPRegen 0.13/turn               w - ring of resist corrosion

@: about to teleport, under a protective aura, lightly drained
A: horns 2, retaliatory headbutt
a: Renounce Religion, Potion Petition, Call Merchant, Bribe Branch


You were on level 1 of the Orcish Mines.
You worshipped Gozag.
Gozag was greatly pleased with you.
You visited 4 branches of the dungeon, and saw 19 of its levels.
You also visited: Ossuary and Ice Cave.

You collected 6790 gold pieces.
You paid 1182 gold pieces to Gozag.

Inventory:

Hand Weapons
 a - a +2 war axe of protection (weapon)
Missiles
 n - 4 throwing nets (quivered)
Armour
 b - a +2 cloak (worn)
 c - a +0 buckler (worn)
 q - a +2 plate armour (worn)
 C - a +2 pair of boots of stealth (worn)
 H - a +0 pair of gloves (worn)
Jewellery
 d - a ring of positive energy
 r - the amulet of Salvation (around neck) {rN+ Regen+ Dex+2}
   (You found it on level 11 of the Dungeon)

   [amulet of regeneration]

   Dex:       It affects your dexterity (+2).
   rN:        It protects you from negative energy.
   Regen:     It increases your rate of health regeneration.
 w - a ring of resist corrosion (right hand)
 y - a +6 ring of strength (left hand)
 K - a ring of flight
Wands
 o - a wand of paralysis (30)
 p - a wand of mindburst (7)
 E - a wand of flame (17)
 G - a wand of roots (7)
Scrolls
 f - 5 scrolls of immolation
 h - 3 scrolls of fog
 i - a scroll of fear
 l - 8 scrolls of teleportation
 u - a scroll of poison
 x - 3 scrolls of magic mapping
 A - 2 scrolls of amnesia
 B - a scroll of silence
 D - 2 scrolls of vulnerability
 I - 4 scrolls of identify
Potions
 g - a potion of brilliance {unknown}
 k - 2 potions of heal wounds
 m - a potion of cancellation
 s - 2 potions of lignification
 t - 5 potions of mutation
 v - a potion of magic
 z - 3 potions of flight
 J - 2 potions of resistance


   Skills:
 + Level 15.8 Fighting
 + Level 15.6 Axes
 + Level 15.8 Armour
 + Level 15.8 Shields


You had 13 spell levels left.
You didn't know any spells.
Your spell library contained the following spells:

 Spells                   Type           Power      Damage    Failure   Level
 Magic Dart               Conj           0%         1d3       97%         1
 Necrotise                Necr           0%         1d4       97%         1
 Shock                    Conj/Air       0%         1d3       97%         1
 Ensorcelled Hibernation  Hex/Ice        0%         N/A       99%         2
 Searing Ray              Conj           0%         2d4       99%         2
 Conjure Flame            Conj/Fire      0%         6-21      100%        3
 Frozen Ramparts          Ice            0%         1d1       100%        3
 Ignite Poison            Fire/Tmut/Pois 0%         N/A       100%        3
 Spider Form              Tmut/Pois      0%         N/A       100%        3
 Swiftness                Air            0%         N/A       100%        3
 Vampiric Draining        Necr           0%         2d6       100%        3
 Airstrike                Air            0%         2d(0-16)  100%        4
 Anguish                  Hex/Necr       0%         N/A       100%        4
 Fulminant Prism          Conj/Hex       0%         3d6       100%        4
 Ice Form                 Ice/Tmut       0%         N/A       100%        4
 Sticky Flame             Conj/Fire      0%         2d3       100%        4
 Summon Ice Beast         Ice/Summ       0%         N/A       100%        4
 Agony                    Necr           0%         N/A       100%        5
 Alistair's Intoxication  Tmut/Pois      0%         N/A       100%        5
 Borgnjor's Vile Clutch   Necr/Erth      0%         N/A       100%        5
 Freezing Cloud           Conj/Ice/Air   0%         6-21      100%        5
 Eringya's Noxious Bog    Tmut/Pois      0%         N/A       100%        6
 Polar Vortex             Ice            0%         N/A       100%        9
 Simulacrum               Ice/Necr       Unusable   N/A       N/A         6

Dungeon Overview and Level Annotations

Branches:
Dungeon (11/15)            Temple (1/1) D:7            Lair (5/5) D:11
 Shoals (0/4) Lair:3       Spider (0/4) Lair:3        Slime (0/5) Lair:4
    Orc (2/2) D:9             Elf (0/3) Orc:2       Ossuary (visited)
  IceCv (visited)

Altars:
Ashenzari
Cheibriados
Dithmenos
Elyvilon
Fedhas
Gozag
Hepliaklqana
Kikubaaqudgha
Makhleb
Nemelex Xobeh
Okawaru
Qazlal
Ru
Sif Muna
Trog
Uskayaw
Vehumet
Wu Jian
Xom
Yredelemnul
Zin
The Shining One

Shops:
D:9 [

Portals:
Hell: Lair:5


Innate Abilities, Weirdness & Mutations

You have a pair of horns on your head.
You reflexively headbutt those who attack you in melee.


Message History

Your weapon exudes an aura of protection.
You headbutt the orc knight.
The orc knight is moderately wounded.
You hit the orc high priest but do no damage.
You barely miss the orc knight.
The orc knight hits you with a +1 bardiche!!
You block the orc knight's attack. The orc high priest barely misses you.
You completely miss the orc knight.
The orc knight is moderately wounded.
You closely miss the orc high priest.
You hit the orc knight but do no damage.
The orc high priest hits you with a +0 dire flail.
The orc knight hits you with a +1 battleaxe!!
The orc knight hits you but does no damage.
You closely miss the orc knight.
The orc knight is moderately wounded.
You closely miss the orc high priest. You slash the orc knight!
You hit the orc knight. Your headbutt misses the orc knight.
The orc knight is moderately wounded.
You closely miss the orc high priest. You hit the orc knight.
The orc knight hits you with a +1 bardiche!!
* * * LOW HITPOINT WARNING * * *
The orc high priest utters an invocation to Beogh.
The orc knight completely misses you.
Unknown command.
As you read the scroll of teleportation, it crumbles to dust.
You feel strangely unstable.
The orc knight hits you with a +1 bardiche!!
* * * LOW HITPOINT WARNING * * *
You block the orc high priest's attack. You block the orc knight's attack.
You block the soul eater's attack.
Okay, then. [a] - 100 gold - heal wounds [b] - 350 gold - haste and brilliance [c] - 486 gold - might, brilliance and haste Purchase which effect?
You feel much better.
The orc knight hits you with a +1 bardiche!!
You die...
Your body crumbles into a pile of gold.

### ##### ##########
###.###...####.#..##..##
#....#.....##..o@o.....#
...............3.o4....#
#..........#..........##
#......................#
#..#...................#
..........##..........##
#..........#....#.#...##
#.##...............#...##
....#...)..........#....#


You could see 2 orc knights, a soul eater (summoned), an orc high priest
(strong) and a red devil (summoned).

Vanquished Creatures
  An ettin (Orc:2)
  4 hydras
  A boulder beetle (Lair:5)
  2 catoblepae (Lair:4)
  Erica (D:11)
  6 death yaks (Lair:5)
  5 two-headed ogres
  A tengu warrior (D:9)
  3 orc high priests
  A sun demon (Lair:5)
  Lodul (D:11)
  A wizard (Lair:5)
  4 orc knights
  2 manticores (Lair:4)
  4 orc sorcerers
  An ugly thing (D:11)
  A cyclops (D:11)
  2 black mambas
  A smoke demon (Lair:5)
  14 elephants
  A torpor snail (Lair:2)
  3 orange demons (Lair:5)
  9 rime drakes
  8 cane toads
  An unseen horror (D:10)
  Psyche (D:11)
  A kobold demonologist (D:9)
  10 komodo dragons
  2 ice devils
  2 red devils (Lair:5)
  A freezing wraith (D:9)
  3 trolls
  3 polar bears
  Prince Ribbit (D:8)
  11 blink frogs
  5 dream sheep (Lair:4)
  5 humans (D:7)
  A shadow (D:11)
  2 wraiths
  29 yaks
  4 wyverns
  A basilisk (Lair:4)
  Eustachio (D:4)
  2 vampire mosquitoes (D:11)
  A steam dragon (D:8)
  A death yak simulacrum (IceCv)
  2 wargs
  13 water moccasins
  Duvessa (D:6)
  An acid dragon (D:10)
  4 hell hounds (Lair:5)
  18 orc warriors
  A sky beast (D:7)
  6 black bears
  17 wolves
  14 ogres
  11 kobold brigands
  18 bullfrogs
  A necrophage (D:4)
  2 two-headed ogre simulacra (IceCv)
  A scorpion (D:5)
  5 wights (D:9)
  Dowan (D:6)
  6 killer bees
  6 howler monkeys
  An electric eel (Lair:3)
  A centaur zombie (Ossuary)
  A human zombie (Ossuary)
  3 hounds
  4 jellies (Lair:4)
  13 orc priests
  A gnoll bouda (D:9)
  An iguana (D:7)
  15 orc wizards
  A troll simulacrum (IceCv)
  4 mummies (Ossuary)
  11 gnolls
  7 adders
  A shadow imp (D:7)
  2 white imps
  An ufetubus (D:5)
  3 worms (D:2)
  3 dart slugs
  58 orcs
  4 bats (D:1)
  10 endoplasms
  2 giant cockroaches
  11 goblins
  7 hobgoblins
  5 quokkas
  11 ball pythons
  A frilled lizard (D:1)
  2 gnoll zombies (Ossuary)
  A goblin zombie (Ossuary)
  A hobgoblin zombie (Ossuary)
  50 kobolds
  A kobold skeleton (D:9)
  2 kobold zombies
  An orc zombie (Ossuary)
  4 rats
537 creatures vanquished.

Vanquished Creatures (collateral kills)
  A kobold demonologist (D:9)
  4 kobold brigands (D:9)
  2 shadow imps (D:9)
  5 kobolds (D:9)
  11 kobold skeletons (D:9)
  5 kobold zombies (D:9)
28 creatures vanquished.

Vanquished Creatures (others)
  69 fungi
  75 plants
144 creatures vanquished.

Grand Total: 709 creatures vanquished

Notes
Turn   | Place    | Note
-------+----------+-------------------------------------------
     0 | D:1      | retardedninja the Minotaur Fighter began the quest for the
                  | Orb.
     0 | D:1      | Reached XP level 1. HP: 19/19 MP: 0/0
   217 | D:1      | Reached XP level 2. HP: 21/27 MP: 1/1
   490 | D:1      | Found a faded altar of an unknown god.
   511 | D:1      | Reached XP level 3. HP: 33/33 MP: 2/2
  1691 | D:2      | Reached XP level 4. HP: 38/41 MP: 3/3
  2453 | D:3      | Found a stormy altar of Qazlal.
  2771 | D:4      | Noticed a necrophage
  2779 | D:4      | Killed a necrophage
  2780 | D:4      | Reached XP level 5. HP: 46/47 MP: 4/4
  2881 | D:4      | Noticed a black bear
  2890 | D:4      | Killed a black bear
  2891 | D:4      | Reached skill level 5 in Fighting
  2891 | D:4      | Reached skill level 5 in Armour
  2891 | D:4      | Reached skill level 5 in Shields
  2986 | D:4      | Noticed Eustachio
  3012 | D:4      | Killed Eustachio
  3013 | D:4      | Reached XP level 6. HP: 33/56 MP: 5/5
  4625 | D:5      | Entered Level 5 of the Dungeon
  4625 | D:5      | Noticed a water moccasin
  4636 | D:5      | Killed a water moccasin
  4637 | D:5      | Reached skill level 5 in Axes
  4637 | D:5      | Reached XP level 7. HP: 61/62 MP: 6/6
  5204 | D:6      | Found a sand-covered staircase.
  5212 | Ossuary  | Entered an ossuary
  5906 | D:6      | Reached XP level 8. HP: 71/71 MP: 7/7
  5928 | D:6      | Noticed Duvessa
  5928 | D:6      | Noticed Dowan
  5939 | D:6      | Killed Duvessa
  5942 | D:6      | Killed Dowan
  7188 | D:7      | Found a staircase to the Ecumenical Temple.
  7192 | D:7      | Reached XP level 9. HP: 81/81 MP: 8/8
  7207 | Temple   | Entered the Ecumenical Temple
  7385 | Temple   | Became a worshipper of Gozag Ym Sagoz the Greedy
  8514 | D:8      | Noticed Prince Ribbit
  8522 | D:8      | Killed Prince Ribbit
  8649 | D:8      | Identified the +4 flail of the Other Side {protect, rPois
                  | Str+6}
  9019 | D:9      | Found an ancient bone altar of Kikubaaqudgha.
  9019 | D:9      | Noticed a kobold demonologist
  9030 | D:9      | Killed a kobold demonologist
  9031 | D:9      | Reached XP level 10. HP: 91/91 MP: 9/9
  9276 | D:9      | Found Kiyl's Armour Boutique.
  9315 | D:9      | Reached skill level 10 in Armour
  9408 | D:9      | Found a staircase to the Orcish Mines.
  9579 | D:9      | Reached skill level 10 in Fighting
  9579 | D:9      | Reached skill level 10 in Shields
  9623 | D:9      | Reached skill level 10 in Axes
 10250 | D:9      | Noticed a tengu warrior
 10264 | D:9      | Killed a tengu warrior
 10788 | D:10     | Entered Level 10 of the Dungeon
 10811 | D:10     | Reached XP level 11. HP: 91/101 MP: 10/10
 11064 | D:10     | Noticed a two-headed ogre
 11081 | D:10     | Killed a two-headed ogre
 12313 | D:10     | Noticed a two-headed ogre
 12327 | D:10     | Killed a two-headed ogre
 12941 | D:11     | Noticed a two-headed ogre
 12942 | D:11     | Noticed a brown ugly thing
 12948 | D:11     | Killed a two-headed ogre
 12968 | D:11     | Killed a brown ugly thing
 14302 | D:11     | Noticed Lodul
 14340 | D:11     | Killed Lodul
 14895 | D:11     | Found a staircase to the Lair.
 14933 | D:11     | Noticed Psyche
 14943 | D:11     | Killed Psyche
 15196 | D:11     | Noticed Erica
 15204 | D:11     | Killed Erica
 15344 | D:11     | Noticed a two-headed ogre
 15353 | D:11     | Killed a two-headed ogre
 15354 | D:11     | Reached XP level 12. HP: 52/113 MP: 11/11
 15801 | D:11     | Identified the amulet of Salvation {rN+ Regen+ Dex+2}
 15918 | D:11     | Noticed a two-headed ogre
 15928 | D:11     | Killed a two-headed ogre
 16115 | Lair:1   | Entered Level 1 of the Lair of Beasts
 16168 | Lair:1   | Identified the +1 plate armour of the Playwright {rF+}
 16198 | Lair:1   | Found a frozen archway.
 16215 | IceCv    | Entered an ice cave
 17486 | Lair:1   | Identified the +1 ring mail "Qari" {Will+ Dex+4}
 18910 | Lair:3   | Found a hole to the Spider Nest.
 19270 | Lair:3   | Found a staircase to the Shoals.
 19403 | Lair:3   | Found a white marble altar of Elyvilon.
 19634 | Lair:4   | Noticed a catoblepas
 19634 | Lair:4   | Noticed a catoblepas
 19741 | Lair:4   | Reached XP level 13. HP: 106/123 MP: 12/12
 19998 | Lair:4   | Found a staircase to the Slime Pits.
 20629 | Lair:5   | Entered Level 5 of the Lair of Beasts
 20666 | Lair:5   | Found a basalt altar of Yredelemnul.
 21162 | Lair:5   | Reached skill level 15 in Fighting
 21162 | Lair:5   | Reached skill level 15 in Armour
 21169 | Lair:5   | Reached skill level 15 in Shields
 21439 | Lair:5   | Found a burning altar of Makhleb.
 21451 | Lair:5   | Reached XP level 14. HP: 122/135 MP: 13/13
 21495 | Lair:5   | Reached skill level 15 in Axes
 21761 | Lair:5   | Found a gateway to Hell.
 22773 | Orc:1    | Entered Level 1 of the Orcish Mines
 23323 | Orc:2    | Entered Level 2 of the Orcish Mines
 23367 | Orc:2    | Found a staircase to the Elven Halls.
 24658 | Orc:1    | HP: 2/134 [orc knight/+1 bardiche (19)]
 24659 | Orc:1    | Slain by an orc knight

Illustrated notes

Levels and vault maps discovered:
D:1:      minmay_arrival_semitransparent, layout_rooms, serial_curves,
          eino_curves_02, eino_curves_02, eino_curves_02, eino_curves_02,
          shapermc_ecumenical_altar_mp_highgroup, dreamdust_wishing_well
D:2:      layout_basic
D:3:      layout_basic, nicolae_qazlal_eye_of_the_storm
D:4:      layout_basic, uniq_eustachio
D:5:      layout_cave_pools
D:6:      layout_gridville, nicolae_ossuary_entry_plus, uniq_duvessa
D:7:      layout_loops_cross, minmay_temple_entry_drinking_statues,
          minmay_ruffians
D:8:      layout_rooms, uniq_prince_ribbit1
D:9:      wander_kiku_kobolds, layout_basic, orc_david_3, supply_closet_lemuel,
          eino_tiny_chamber, minmay_bent
D:10:     layout_basic
D:11:     layout_roguey, due_lair_maze_entry_diamond, grunt_ministairs_15,
          minivault_26, kennysheep_small_spiral, uniq_psyche, uniq_lodul,
          uniq_erica
Temple:   minmay_crystal_snake_temple
Lair:1:   layout_chaotic_city, portal_ice_cave_rime
Lair:2:   layout_regular_city, chequers_serial_rivers_small_b,
          grunt_megastairs_5, lemuel_fruit_tree
Lair:3:   layout_cave_shapes, elwin_shoals_entry_rooms, dummy_spider_entry,
          basic_altar
Lair:4:   nzn_motion_control, layout_hall_layers,
          nicolae_slime_entry_slimehenge, grunt_megastairs_3,
          infiniplex_staircase_pool_2
Lair:5:   evil_forest, layout_small_grid, basic_altar, serial_bayou_shore_b
Orc:1:    layout_caves
Orc:2:    grunt_orc_tribal_feast, layout_diamond_mine

Skill      XL: |  1  2  3  4  5  6  7  8  9 10 11 12 13 14 |
---------------+-------------------------------------------+-----
Armour         | 4 5 6 7 9 10 12 13 15 | 15.8
Fighting       | 4 5 6 7 9 10 12 13 15 | 15.8
Shields        | 4 5 6 7 9 10 12 13 15 | 15.8
Axes           | 3 4 5 7 9 10 12 13 14 15 | 15.6

Action                   |  1- 3 |  4- 6 |  7- 9 | 10-12 | 13-15 || total
-------------------------+-------+-------+-------+-------+-------++-------
Melee: War axe           |    94 |   104 |   312 |   596 |   520 ||  1626
       Headbutt          |     9 |    16 |    62 |   127 |   130 ||   344
Invok: Potion Petition   |       |       |       |     1 |     2 ||     3
Evoke: Wand              |       |       |     1 |     3 |     1 ||     5
  Use: Scroll            |       |    11 |    11 |    12 |     4 ||    38
       Potion            |       |     2 |     3 |    13 |    10 ||    28
 Stab: Distracted        |       |       |     2 |       |     6 ||     8
       Invisible         |       |       |       |    12 |       ||    12
       Petrified         |       |       |       |       |     1 ||     1
Armor: Scale mail        |    30 |       |       |       |       ||    30
       Chain mail        |    21 |    96 |   245 |    67 |       ||   429
       Plate armour      |       |       |       |   351 |   438 ||   789
Dodge: Dodged            |    42 |    41 |    99 |   198 |   213 ||   593
Block: Buckler           |    20 |    33 |    75 |   214 |   216 ||   558
